 Dungeon Crawl Stone Soup version 0.30.1 (webtiles) character file.

Game seed: 2185930769090333311

67 Sabo the Trooper (level 4, 0/29 HPs)
             Began as a Gargoyle Monk on July 8, 2023.
             Constricted to death by Terence (5 damage)
             ... on level 3 of the Dungeon.
             The game lasted 00:08:50 (2188 turns).

Sabo the Trooper (Gargoyle Monk)                    Turns: 2188, Time: 00:08:51

Health: 0/29       AC:  8    Str: 16    XL:     4   Next: 16%
Magic:  4/4        EV:  8    Int: 11    God:
Gold:   176        SH:  0    Dex: 12    Spells: 3/3 levels left

rFire   . . .        a - +0 hand axe
rCold   . . .        d - orb {light}
rNeg    + . .        r - +0 ring mail
rPois   ∞            (no helmet)
rElec   +            (no cloak)
rCorr   .            (no gloves)
SInv    .            (no boots)
Will    .....        (no amulet)
Stlth   +            (no ring)
HPRegen 0.24/turn    (no ring)
MPRegen 0.09/turn

%: no passive effects
@: grasped by roots, glowing, constricted
A: sickness immunity, AC +3, negative energy resistance 1, electricity
resistance, torment resistance 1, petrification resistance
a: no special abilities


You were on level 3 of the Dungeon.
You visited 1 branch of the dungeon, and saw 3 of its levels.

You collected 176 gold pieces.

Inventory:

Hand Weapons
 a - a +0 hand axe (weapon)
Missiles
 h - 6 poisoned darts (quivered)
Armour
 d - an orb of light (worn)
 r - a +0 ring mail (worn)
Scrolls
 f - a scroll of amnesia
 g - a scroll of fog
 i - a scroll of poison
 k - a scroll of silence
Potions
 c - a potion of ambrosia
 e - a potion of resistance {unknown}
 j - a potion of brilliance {unknown}
 l - 2 potions of heal wounds {unknown}
 n - a potion of cancellation {unknown}
 o - 2 potions of degeneration {unknown}
 q - 3 potions of curing {unknown}
 s - a potion of might {unknown}


   Skills:
 + Level 3.7 Fighting
 + Level 3.7 Axes
 + Level 2.9 Dodging


You had 3 spell levels left.
You didn't know any spells.
Your spell library contained the following spells:

 Spells                   Type           Power      Damage    Failure   Level
 Tukima's Dance           Hex            0%         N/A       90%         3
 Passage of Golubria      Tloc           0%         N/A       100%        4
 Yara's Violent Unravell  Hex/Tmut       0%         3d3       100%        5


Dungeon Overview and Level Annotations

Branches:
Dungeon (3/15)

Altars:
Trog

Annotations:
D:3 Terence


Innate Abilities, Weirdness & Mutations

You are immune to sickness and miasma.
Your stone body is resilient. (AC +3)
You are immune to poison.
You resist negative energy. (rN+)
You are resistant to electric shocks. (rElec)
You are resistant to unholy torment.
You are immune to petrification.


Message History

The adder bites you.
You hit the adder.
You kill the adder!
Found a scroll of amnesia.
You see here an adder corpse.
Terence the Incautious comes into view.
He is wielding a +0 falchion and carrying a wand of roots (4).
Found a runed mace.
Terence shouts!
Found a bloodstained altar of Trog.
Throw: 7 darts (poison)
Press: ? - help, Q - select action Shift-Dir - straight line, f - Terence
Aim: Terence, wielding a +0 falchion, wearing a +0 chain mail and carrying a wand of roots (4) (haloed, 85% to hit)
You throw a poisoned dart. The poisoned dart hits Terence.
Terence is poisoned.
Terence zaps a wand.
The roots erupt in riotous growth!
The grasping roots grab you! The grasping roots constrict you.
Something shouts, "Away with thee, thou feckless fen-sucked haggard!"
You hear a bark!
You hear an angry hiss.
You escape the roots grasp.
Terence hits you but does no damage.
You hit Terence.
Terence is lightly wounded.
Terence closely misses you.
You hit Terence.
Terence is moderately wounded.
Terence barely misses you. Terence hits you with a +0 falchion.
You hit Terence but do no damage.
Terence is moderately wounded.
Terence hits you with a +0 falchion.
You hit Terence.
Terence is heavily wounded.
Terence zaps a wand.
The roots erupt in riotous growth!
The grasping roots grab you!
Terence is unaffected.
The grasping roots constrict you.
You hear an angry hiss.
You hear a bark!
You hear a shout! x2
You hit Terence.
Terence is heavily wounded.
Terence hits you with a +0 falchion.
* * * LOW HITPOINT WARNING * * *
The grasping roots constrict you.
You die...

#._. #.).#
#...# #...#
#...## #...##
... #@..##
###..# #@..###
.....#
#.....###.# ..#
#####.....##..#
#....##...#
#.<..##.#.####
#.....†.......
#....##.#.####
#..?.##.# #
#######.#


You could see Terence (poisoned).

Vanquished Creatures
  2 adders
  A worm (D:2)
  2 dart slugs
  4 ball pythons
  3 endoplasms
  A giant cockroach (D:1)
  2 goblins
  A hobgoblin (D:2)
  4 jackals (D:2)
  3 quokkas
  4 bats
  3 frilled lizards (D:2)
  5 kobolds
  5 rats
40 creatures vanquished.

Notes
Turn   | Place    | Note
-------+----------+-------------------------------------------
     0 | D:1      | Sabo the Gargoyle Monk began the quest for the Orb.
     0 | D:1      | Reached XP level 1. HP: 14/14 MP: 1/1
   391 | D:1      | Reached XP level 2. HP: 19/19 MP: 2/2
  1224 | D:2      | Reached XP level 3. HP: 10/24 MP: 3/3
  2084 | D:3      | Reached XP level 4. HP: 29/29 MP: 4/4
  2177 | D:3      | Noticed Terence
  2180 | D:3      | Found a bloodstained altar of Trog.
  2188 | D:3      | Constricted to death by Terence

Illustrated notes

Levels and vault maps discovered:
D:1:      elethiomel_arrival_shortcut, layout_basic
D:2:      layout_basic, minmay_misc_feat_doors, minivault_23,
          chequers_serial_rivers_large_a
D:3:      layout_rooms, nzn_overflow_gifts_of_might_and_magic

Skill      XL: |  1  2 |
---------------+-------+-----
Axes           | 3 |  3.7
Fighting       | |  3.7
Dodging        | |  2.9

Action                     |  1- 3 |  4- 6 || total
---------------------------+-------+-------++-------
  Melee: Hand axe          |   107 |     7 ||   114
  Throw: Dart              |       |     1 ||     1
    Use: Scroll            |     6 |       ||     6
 Armour: Robe              |    38 |       ||    38
         Ring mail         |       |     1 ||     1
  Dodge: Dodged            |    76 |     3 ||    79
